 Dungeon Crawl Stone Soup version 0.26-a0-737-g4e9f4955e2 (webtiles) character file.

Game seed: 1714446461571393330

5231 Ge0ff the Covert (level 10, -4/82 HPs)
             Began as a Gnoll Delver on Nov 4, 2020.
             Was a Follower of Fedhas.
             Slain by a two-headed ogre
             ... wielding a +0 giant club
              (9 damage)
             ... on level 8 of the Dungeon.
             The game lasted 00:24:35 (12211 turns).

Ge0ff the Covert (Gnoll Delver)                    Turns: 12211, Time: 00:24:35

Health: -4/82      AC: 13    Str: 18    XL:     10   Next: 61%
Magic:  18/18      EV: 11    Int: 12    God:    Fedhas [*.....]
Gold:   428        SH:  0    Dex: 17    Spells: 19/19 levels left

rFire    . . .     SeeInvis .   a - +0 long sword
rCold    + . .     Faith    +   (no shield)
rNeg     . . .     Spirit   .   p - +2 chain mail {rC+}
rPois    +         Reflect  .   (no helmet)
rElec    .         Harm     .   (no cloak)
rCorr    .         Rampage  .   Q - +0 pair of gloves
MR       .....                  (no boots)
Stlth    +++.......             h - amulet of faith
HPRegen  0.23/turn              P - ring of stealth
MPRegen  0.16/turn              o - ring of poison resistance {=R}

@: no status effects
A: distributed training, fangs 1, strong nose
a: Renounce Religion


You were on level 8 of the Dungeon.
You worshipped Fedhas.
Fedhas was aware of your devotion.
You visited 2 branches of the dungeon, and saw 10 of its levels.

You collected 526 gold pieces.
You spent 98 gold pieces at shops.

Inventory:

Hand Weapons
 a - a +0 long sword (weapon)
 b - a +0 vorpal hunting sling
 r - a +1 dagger of draining
 u - a +1 whip of freezing
 w - a +2 dagger of venom
 C - a +1 flail of holy wrath
 S - a +1 hand axe of flaming
 U - a +2 vorpal hand axe
Missiles
 x - 105 arrows
 G - 61 poisoned darts
 L - 262 stones
 M - 111 bolts
 N - 8 datura-tipped darts {=f}
 R - 7 boomerangs (quivered)
 V - 9 sling bullets
Armour
 k - a +0 plate armour
 p - a +2 chain mail of cold resistance (worn)
 t - a +3 leather armour of cold resistance
 Q - a +0 pair of gloves (worn)
Magical Staves
 z - an uncursed staff of death
Jewellery
 h - an amulet of faith (around neck)
 o - a ring of poison resistance (right hand) {=R}
 P - a ring of stealth (left hand)
 W - an uncursed ring of fire
 X - an uncursed ring of ice
 Y - an uncursed ring of wizardry
Wands
 d - a wand of digging (3)
Scrolls
 i - a scroll of identify
 m - 5 scrolls of magic mapping
 s - a scroll of noise
 y - 2 scrolls of immolation
 A - a scroll of enchant weapon
 B - a scroll of blinking
 E - a scroll of fear
 F - 2 scrolls of fog
 J - a scroll of silence {!r}
 T - 3 scrolls of teleportation
Potions
 l - 2 potions of might {unknown}
 n - a potion of brilliance {unknown}
 q - 4 potions of curing
 D - 2 potions of mutation {unknown}
 H - 3 potions of haste {!q}
 I - a potion of invisibility
 Z - a potion of berserk rage {!q}


   Skills:
 + Level 8.6 Fighting
 + Level 5.4 Short Blades
 + Level 7.2 Long Blades
 + Level 5.4 Axes
 + Level 5.4 Maces & Flails
 + Level 5.4 Polearms
 + Level 5.4 Staves
 + Level 5.4 Slings
 + Level 5.4 Bows
 + Level 5.4 Crossbows
 + Level 5.4 Throwing
 + Level 5.4 Armour
 + Level 7.2 Dodging
 + Level 10.9 Stealth
 + Level 5.4 Shields
 + Level 5.4 Unarmed Combat
 + Level 5.4 Spellcasting
 + Level 4.5 Conjurations
 + Level 4.5 Hexes
 + Level 4.5 Summonings
 + Level 4.5 Necromancy
 + Level 4.5 Translocations
 + Level 4.5 Transmutations
 + Level 4.5 Fire Magic
 + Level 4.5 Ice Magic
 + Level 4.5 Air Magic
 + Level 4.5 Earth Magic
 + Level 4.5 Poison Magic
 + Level 6.0 Invocations
 + Level 5.4 Evocations


You had 19 spell levels left.
You didn't know any spells.
Your spell library contained the following spells:

 Spells                   Type           Power        Failure   Level
 Animate Skeleton         Necr           ##....       34%         1
 Magic Dart               Conj           ##..         34%         1
 Pain                     Necr           ##..         34%         1
 Searing Ray              Conj           ##....       45%         2
 Dazzling Flash           Conj/Hex       ##....       71%         3
 Vampiric Draining        Necr           ##........   71%         3
 Animate Dead             Necr           ##........   98%         4
 Fulminant Prism          Conj/Hex       ##........   98%         4
 Iskenderun's Mystic Bla  Conj/Tloc      ##......     98%         4
 Agony                    Necr           ##......     100%        5


Dungeon Overview and Level Annotations

Branches:
Dungeon (9/15)             Temple (1/1) D:7
   Lair: D:8-11         Orc: D:9-12

Altars:
Ashenzari
Cheibriados
Dithmenos
Elyvilon
Fedhas
Gozag
Hepliaklqana
Kikubaaqudgha
Makhleb
Nemelex Xobeh
Okawaru
Qazlal
Ru
Sif Muna
Trog
Uskayaw
Vehumet
Wu Jian
Xom
Yredelemnul
Zin
The Shining One

Shops:
D:5 =   D:8 *


Innate Abilities, Weirdness & Mutations

Your experience applies equally to all skills.
You have very sharp teeth.
Your uncanny sense of smell can sniff out nearby items.


Message History

You hit the two-headed ogre.
You bite the two-headed ogre, but do no damage.
The two-headed ogre is severely wounded.
You hit the two-headed ogre but do no damage.
You bite the two-headed ogre, but do no damage.
The two-headed ogre is severely wounded.
The two-headed ogre hits you with a +0 giant club!!
The two-headed ogre hits you with a +0 giant club.
You are too injured to fight recklessly!
You are too injured to fight recklessly!
You slash the two-headed ogre!
The two-headed ogre is almost dead.
The two-headed ogre hits you with a +0 giant club!!
* * * LOW HITPOINT WARNING * * *
The two-headed ogre hits you with a +0 giant club.
* * * LOW HITPOINT WARNING * * *
The two-headed ogre misses you.
The two-headed ogre hits you with a +0 giant club!
You die...
Fedhas appreciates your contribution to the ecosystem.

#....#.#....#......##..##########
#....#.#....#.#.#####..#........#
#....#.#....#,#.# ##............
#....#.#<.....#.# #...#.........
#####.....#.###.# #.#.'.........
*###.##.....####.#.#.........
#.......#####...#.#........#
*#.#.......O.#.###.#........#
*.....##.###@#.###.##########
*....,'..# #.#.....# *.....####
#.####### *####** ####.# #....#
#.###### #######'##...# ########
#............### #.......
#........##....# #.......


You could see a two-headed ogre.

Vanquished Creatures
  Pikel (D:6)
  Maggie (D:6)
  Prince Ribbit (D:7)
  Sigmund (D:5)
  4 yaks
  A steam dragon (D:6)
  Edmund (D:5)
  A water moccasin (D:6)
  An ice beast (D:8)
  3 sky beasts
  3 black bears
  3 ogres
  A necrophage (D:6)
  2 centaurs
  2 lemures (D:6)
  4 big kobolds
  5 bullfrogs
  3 scorpions
  3 killer bees (D:8)
  An electric eel (D:7)
  3 howler monkeys
  A bullfrog skeleton (D:5)
  5 orc wizards
  2 orc priests
  2 hounds
  2 jellies (D:8)
  2 iguanas
  7 worker ants
  A hound zombie (D:8)
  2 hound skeletons
  A worker ant zombie (D:6)
  13 gnolls
  8 adders
  2 shadow imps
  A white imp (D:8)
  3 ufetubi
  3 oozes
  An adder zombie (D:6)
  2 adder skeletons
  A worm (D:5)
  A dart slug (D:2)
  3 leopard geckos
  29 orcs
  3 ball pythons
  A bat (D:3)
  4 giant cockroaches
  9 goblins
  9 hobgoblins
  13 jackals
  4 quokkas
  8 frilled lizards
  21 kobolds
  A quokka zombie (D:6)
  6 rats
216 creatures vanquished.

Vanquished Creatures (others)
  An orc wizard (D:3)
  A bush (D:8)
  3 plants (D:7)
5 creatures vanquished.

Grand Total: 221 creatures vanquished

Notes
Turn   | Place    | Note
-------+----------+-------------------------------------------
     0 | D:5      | Reached skill level 9 in Stealth
     0 | D:5      | Ge0ff the Gnoll Delver began the quest for the Orb.
     0 | D:5      | Reached XP level 1. HP: 23/23 MP: 1/1
    21 | D:5      | Noticed a worker ant
    25 | D:6      | Noticed a worker ant
    86 | D:4      | Noticed a worker ant
    96 | D:4      | Killed a worker ant
    96 | D:4      | Reached XP level 2. HP: 21/29 MP: 2/2
    96 | D:4      | Reached XP level 3. HP: 25/35 MP: 3/3
   222 | D:4      | Reached skill level 1 in Short Blades
   222 | D:4      | Reached skill level 1 in Axes
   222 | D:4      | Reached skill level 1 in Maces & Flails
   222 | D:4      | Reached skill level 1 in Polearms
   222 | D:4      | Reached skill level 1 in Staves
   222 | D:4      | Reached skill level 1 in Slings
   222 | D:4      | Reached skill level 1 in Bows
   222 | D:4      | Reached skill level 1 in Crossbows
   222 | D:4      | Reached skill level 1 in Throwing
   222 | D:4      | Reached skill level 1 in Armour
   222 | D:4      | Reached skill level 1 in Shields
   222 | D:4      | Reached skill level 1 in Unarmed Combat
   222 | D:4      | Reached skill level 1 in Spellcasting
   222 | D:4      | Reached skill level 1 in Invocations
   222 | D:4      | Reached skill level 1 in Evocations
   341 | D:4      | Reached XP level 4. HP: 13/41 MP: 5/5
   861 | D:3      | Reached skill level 1 in Conjurations
   861 | D:3      | Reached skill level 1 in Hexes
   861 | D:3      | Reached skill level 1 in Summonings
   861 | D:3      | Reached skill level 1 in Necromancy
   861 | D:3      | Reached skill level 1 in Translocations
   861 | D:3      | Reached skill level 1 in Transmutations
   861 | D:3      | Reached skill level 1 in Fire Magic
   861 | D:3      | Reached skill level 1 in Ice Magic
   861 | D:3      | Reached skill level 1 in Air Magic
   861 | D:3      | Reached skill level 1 in Earth Magic
   861 | D:3      | Reached skill level 1 in Poison Magic
  1085 | D:2      | Noticed a +0 hand axe
  1086 | D:2      | Found a hide-covered altar of Uskayaw.
  1086 | D:2      | Noticed a +0 dagger
  1127 | D:2      | Reached XP level 5. HP: 37/47 MP: 5/7
  2611 | D:2      | Reached XP level 6. HP: 53/53 MP: 8/8
  3518 | D:3      | Found a white marble altar of Elyvilon.
  3741 | D:4      | Reached skill level 5 in Long Blades
  3741 | D:4      | Reached skill level 5 in Dodging
  4053 | D:4      | Found a shimmering blue altar of Sif Muna.
  4167 | D:4      | Identified Sif Muna's Almanac of Stolen Souls
  4893 | D:5      | Reached XP level 7. HP: 48/59 MP: 10/10
  5338 | D:5      | Found Afory's Jewellery Emporium.
  5437 | D:5      | Noticed Sigmund
  5461 | D:5      | Killed Sigmund
  5461 | D:5      | Reached skill level 10 in Stealth
  5461 | D:5      | Reached XP level 8. HP: 57/67 MP: 10/12
  6618 | D:6      | Noticed Pikel
  6637 | D:6      | Killed Pikel
  6637 | D:6      | Reached XP level 9. HP: 69/73 MP: 13/15
  6646 | D:6      | Noticed Maggie
  6673 | D:6      | Killed Maggie
  6808 | D:6      | Noticed Edmund
  6843 | D:5      | Killed Edmund
  7336 | D:6      | Reached skill level 5 in Invocations
  8017 | D:6      | Found a snail-covered altar of Cheibriados.
  8017 | D:6      | Found an ornate altar of the Wu Jian Council.
  8019 | D:6      | Found a burning altar of Makhleb.
  8176 | D:7      | Noticed Prince Ribbit
  8204 | D:7      | Killed Prince Ribbit
  8233 | D:7      | Found a staircase to the Ecumenical Temple.
  8242 | Temple   | Entered the Ecumenical Temple
  8520 | D:7      | Got an ichor-stained ring mail
  8521 | D:7      | Identified the +3 ring mail of Gozag's Felicitations
                  | {*Corrode Int+5} (You found it on level 7 of the Dungeon)
  8634 | D:7      | Reached XP level 10. HP: 80/80 MP: 17/17
  8672 | D:7      | Found an opulent altar of Gozag.
  9083 | D:7      | Found a blossoming altar of Fedhas.
  9084 | D:7      | Found an ancient bone altar of Kikubaaqudgha.
  9089 | D:7      | Became a worshipper of Fedhas Madash
  9799 | D:8      | Found Etay's General Store.
  9838 | D:8      | Reached skill level 5 in Short Blades
  9838 | D:8      | Reached skill level 5 in Axes
  9838 | D:8      | Reached skill level 5 in Maces & Flails
  9838 | D:8      | Reached skill level 5 in Polearms
  9838 | D:8      | Reached skill level 5 in Staves
  9838 | D:8      | Reached skill level 5 in Slings
  9838 | D:8      | Reached skill level 5 in Bows
  9838 | D:8      | Reached skill level 5 in Crossbows
  9838 | D:8      | Reached skill level 5 in Throwing
  9838 | D:8      | Reached skill level 5 in Armour
  9838 | D:8      | Reached skill level 5 in Shields
  9838 | D:8      | Reached skill level 5 in Unarmed Combat
  9838 | D:8      | Reached skill level 5 in Spellcasting
  9838 | D:8      | Reached skill level 5 in Evocations
 10568 | D:8      | Bought a potion of degeneration for 14 gold pieces
 10570 | D:8      | Bought a scroll of identify for 28 gold pieces
 10570 | D:8      | Bought 8 sling bullets for 56 gold pieces
 10597 | D:8      | Reached * piety under Fedhas
 10838 | D:9      | Noticed a two-headed ogre
 11182 | D:9      | Noticed a two-headed ogre
 11971 | D:8      | Reached ** piety under Fedhas
 12207 | D:8      | HP: 4/82 [two-headed ogre/+0 giant club (4)]
 12211 | D:8      | Slain by a two-headed ogre

Illustrated notes

Levels and vault maps discovered:
D:1:      shiori_shiawase, layout_basic
D:2:      layout_loops_ring, dancing_weapons_uskayaw, kennysheep_generic_room_8
D:3:      layout_basic, elyvilon_altar_3
D:4:      layout_basic, led_sif_book
D:5:      layout_loops_ring, serial_shops, nicolae_shop_window_shopping,
          kennysheep_generic_room_14, uniq_sigmund
D:6:      layout_basic, nicolae_overflow_hidden_temple, uniq_edmund, uniq_pikel,
          uniq_maggie
D:7:      layout_layer_cave, grunt_gozag_breadcrumbs,
          grunt_temple_overflow_growth_and_decay, lemuel_temple_firewalk_b,
          serial_bayou_lagoon_a, chequers_serial_rivers_micro_e,
          uniq_prince_ribbit1
D:8:      layout_basic, serial_shops, shop_statue, kennysheep_big_empty_room,
          kb_lookout_dungeons_type
D:9:      layout_cross, orc_0_dummy, ebering_ghost_inner_flame
Temple:   jpeg_temple_clearing

Skill      XL: |  1  2  3  4  5  6  7  8  9 10 |
---------------+-------------------------------+-----
Stealth        | 10 | 10.9
Short Blades   | 1 2 4 5 |  5.4
Axes           | 1 2 4 5 |  5.4
Maces & Flails | 1 2 4 5 |  5.4
Polearms       | 1 2 4 5 |  5.4
Staves         | 1 2 4 5 |  5.4
Slings         | 1 2 4 5 |  5.4
Bows           | 1 2 4 5 |  5.4
Crossbows      | 1 2 4 5 |  5.4
Throwing       | 1 2 4 5 |  5.4
Armour         | 1 2 4 5 |  5.4
Shields        | 1 2 4 5 |  5.4
Unarmed Combat | 1 2 4 5 |  5.4
Spellcasting   | 1 2 4 5 |  5.4
Invocations    | 1 2 3 4 5 6 |  6.0
Evocations     | 1 2 4 5 |  5.4
Conjurations   | 1 2 3 4 |  4.5
Hexes          | 1 2 3 4 |  4.5
Summonings     | 1 2 3 4 |  4.5
Necromancy     | 1 2 3 4 |  4.5
Translocations | 1 2 3 4 |  4.5
Transmutations | 1 2 3 4 |  4.5
Fire Magic     | 1 2 3 4 |  4.5
Ice Magic      | 1 2 3 4 |  4.5
Air Magic      | 1 2 3 4 |  4.5
Earth Magic    | 1 2 3 4 |  4.5
Poison Magic   | 1 2 3 4 |  4.5
Long Blades    | 5 6 7 |  7.2
Dodging        | 5 6 7 |  7.2
Fighting       | 7 8 |  8.6

Action                   |  1- 3 |  4- 6 |  7- 9 | 10-12 || total
-------------------------+-------+-------+-------+-------++-------
Melee: Falchion          |    31 |   109 |       |       ||   140
       Bite              |     9 |    22 |    23 |    19 ||    73
       Short sword       |       |     9 |       |       ||     9
       Punch             |       |     2 |     2 |     3 ||     7
       Whip              |       |    28 |       |       ||    28
       Dagger            |       |    14 |    75 |     9 ||    98
       Long sword        |       |       |    26 |    71 ||    97
       Hand axe          |       |       |     6 |       ||     6
 Fire: Hunting sling     |       |    78 |   276 |   190 ||   544
Throw: Stone             |    15 |    84 |       |       ||    99
       Boomerang         |       |    27 |     4 |    30 ||    61
       Dart              |       |       |    10 |     4 ||    14
Evoke: Wand              |     9 |     5 |     6 |       ||    20
  Use: Scroll            |       |    11 |     2 |     3 ||    16
       Potion            |       |     1 |     2 |       ||     3
 Stab: Sleeping          |     1 |     5 |       |       ||     6
Armor: Leather armour    |     2 |       |       |       ||     2
       Scale mail        |       |    51 |    53 |    23 ||   127
       Chain mail        |       |       |       |    64 ||    64
Dodge: Dodged            |    17 |    76 |   118 |   177 ||   388
       Rpst.: Falchion   |    10 |    15 |       |       ||    25
       Long sword        |       |       |     8 |    26 ||    34

Table legend: (Time is in decaauts)
 A = Elapsed time spent in this place.
 B = Non-inter-level travel time spent in this place.
 C = Inter-level travel time spent in this place.
 D = Time resting spent in this place.
 E = Time spent auto-exploring this place.
 F = Levels seen in this place.
 G = Mean time per level.
                   A        B        C        D        E       F      G
               +--------+--------+--------+--------+--------+-----+--------+
         Total |  12215 |  11767 |    448 |    512 |   8569 |  10 | 1221.5 |
       Dungeon |  12129 |  11699 |    430 |    512 |   8502 |   9 | 1347.7 |
        Temple |     85 |     67 |     18 |      0 |     67 |   1 |   85.0 |
               +--------+--------+--------+--------+--------+-----+--------+

Top non-repeatable levels by time:
     D:8: 2088 daAuts
     D:7: 1796 daAuts
     D:6: 1682 daAuts
     D:5: 1627 daAuts
     D:4: 1440 daAuts
     D:3: 1437 daAuts
     D:1: 1109 daAuts
     D:2: 835 daAuts
     D:9: 111 daAuts
  Temple: 85 daAuts
